 Dungeon Crawl Stone Soup version 0.30.1-11-g7821555f0a (webtiles) character file.

Game seed: 16084546711910111739

37 comborobin the Chopper (level 3, -4/31 HPs)
             Began as a Hill Orc Delver on Dec 23, 2023.
             Slain by an iguana (14 damage)
             ... on level 5 of the Dungeon.
             The game lasted 00:00:54 (321 turns).

comborobin the Chopper (Hill Orc Delver)             Turns: 321, Time: 00:00:55

Health: -4/31      AC:  3    Str: 16    XL:     3   Next: 41%
Magic:  3/3        EV: 11    Int: 10    God:
Gold:   22         SH:  0    Dex: 12    Spells: 2/2 levels left

rFire   . . .        a - +0 hand axe
rCold   . . .        (no shield)
rNeg    . . .        b - +0 leather armour
rPois   .            (no helmet)
rElec   .            (no cloak)
rCorr   .            (no gloves)
SInv    .            (no boots)
Will    .....        (no amulet)
Stlth   ++           (no ring)
HPRegen 0.25/turn    (no ring)
MPRegen 0.08/turn

%: no passive effects
@: no status effects
A: no striking features
a: no special abilities


You were on level 5 of the Dungeon.
You visited 1 branch of the dungeon, and saw 2 of its levels.

You collected 22 gold pieces.

Inventory:

Hand Weapons
 a - a +0 hand axe (weapon)
Armour
 b - a +0 leather armour (worn)
Wands
 g - a wand of digging (3)
 h - a wand of roots (6)
Scrolls
 c - 2 scrolls of fog
 d - a scroll of magic mapping
 e - a scroll of fear
Potions
 f - a potion of lignification {unknown}


   Skills:
 - Level 3.6 Fighting
 + Level 5.0 Axes
 - Level 1.5 Dodging
 - Level 4.1 Stealth


You had 2 spell levels left.
You didn't know any spells.
Your spell library contained the following spells:

 Spells                   Type           Power      Damage    Failure   Level
 Summon Small Mammal      Summ           0%         N/A       43%         1
 Call Canine Familiar     Summ           0%         N/A       80%         3
 Summon Guardian Golem    Hex/Summ       0%         N/A       80%         3


Dungeon Overview and Level Annotations

Branches:
Dungeon (6/15)
 Temple: D:4-7

Altars:

Annotations:
D:5 1 runed translucent door, Crazy Yiuf


Message History

The adder bites you but does no damage. x2
You hit the adder.
You kill the adder!
Your Axes skill increases to level 5!
You see here an adder corpse.
You start waiting.
Done waiting.
Found a scroll labelled DOL KASIARGH.
An iguana comes into view.
The iguana hisses angrily.
Found a worn wooden wand.
You hit the iguana.
The iguana is lightly wounded.
The iguana barely misses you.
Found a robe.
The iguana bites you! The iguana closely misses you.
There are no items here.
The iguana bites you!
You see here a wand of roots (7).
h - a wand of roots (7)
The iguana closely misses you.
Aiming: Fastroot
Press: ? - help, Shift-Dir - straight line The roots erupt in riotous growth!
Roots grab the iguana.
The grasping roots constrict the iguana.
The iguana bites you.
* * * LOW HITPOINT WARNING * * *
You hit the iguana.
The iguana is heavily wounded.
The grasping roots constrict the iguana!
The roots release their grip on the iguana.
The iguana closely misses you.
You hit the iguana but do no damage.
The iguana is almost dead.
The iguana closely misses you.
You barely miss the iguana.
The iguana is almost dead.
The iguana bites you!
You die...

.....#######
##..........#
#........##.# ####
#..........##
....##..?........#
.. ....#............
....###.............
#........l........
#####.###.@.......
#.# #.#...#...
#.#####...# # #..#
...# ##.# ...# #.#
..[# ####.# ...# ###
#....# ...# #)g
###..####


You could see an iguana.

Vanquished Creatures
  An orc wizard (D:5)
  An adder (D:5)
  2 orcs (D:5)
4 creatures vanquished.

Notes
Turn   | Place    | Note
-------+----------+-------------------------------------------
     0 | D:5      | comborobin the Hill Orc Delver began the quest for the Orb.
     0 | D:5      | Reached XP level 1. HP: 19/19 MP: 1/1
     7 | D:6      | Noticed a black bear
    41 | D:5      | Noticed an orc wizard
    81 | D:5      | Found a runed translucent door.
    82 | D:5      | Noticed Crazy Yiuf
    89 | D:5      | Reached skill level 3 in Axes
    99 | D:5      | Killed an orc wizard
   100 | D:5      | Reached skill level 4 in Axes
   100 | D:5      | Reached XP level 2. HP: 16/26 MP: 2/2
   100 | D:5      | Reached XP level 3. HP: 19/31 MP: 3/3
   197 | D:5      | Reached skill level 5 in Axes
   321 | D:5      | Slain by an iguana

Illustrated notes

Levels and vault maps discovered:
D:5:      layout_loops_ring, lemuel_blue_sif_altar, grunt_ministairs_6,
          uniq_crazy_yiuf_cottage
D:6:      minmay_chambers_of_fours, layout_rooms,
          minmay_temple_entry_statues_pillars

Skill      XL: |  1  2  3 |
---------------+----------+-----
Axes           | 4 5 |  5.0
Fighting       | |  3.6
Dodging        | |  1.5
Stealth        | |  4.1

Action                     || total
---------------------------++-------
  Melee: Hand axe          ||    22
  Evoke: Wand              ||     1
    Use: Potion            ||     1
   Stab: Sleeping          ||     1
 Armour: Leather armour    ||     3
  Dodge: Dodged            ||    11
